 Dungeon Crawl Stone Soup version 0.28.0-49-g6dfe1f597d (webtiles) character file.

Game seed: 10638482795154439302

23 Zeld the Chopper (level 2, 0/27 HPs)
             Began as a Minotaur Berserker on May 19, 2022.
             Was a Follower of Trog.
             Slain by Sigmund
             ... wielding a +6 scythe of distortion
              (16 damage)
             ... on level 2 of the Dungeon.
             The game lasted 00:01:04 (1887 turns).

Zeld the Chopper (Minotaur Berserker)               Turns: 1887, Time: 00:01:04

Health: 0/27       AC:  2    Str: 21    XL:     2   Next: 75%
Magic:  1/1        EV: 12    Int:  4    God:    Trog [*.....]
Gold:   59         SH:  0    Dex:  9    Spells: 1/1 levels left

rFire   . . .      SeeInvis .   a - +0 hand axe
rCold   . . .      Faith    .   (no shield)
rNeg    . . .      Spirit   .   b - +0 animal skin
rPois   .          Reflect  .   (helmet restricted)
rElec   .          Harm     .   (no cloak)
rCorr   .          Rampage  .   (no gloves)
Will    .....                   (no boots)
Stlth   +.........              (no amulet)
HPRegen 0.09/turn               (no ring)
MPRegen 0.07/turn               (no ring)

@: no status effects
A: horns 2, retaliatory headbutt
a: Renounce Religion, Berserk


You were on level 2 of the Dungeon.
You worshipped Trog.
Trog was aware of your devotion.
You visited 1 branch of the dungeon, and saw 2 of its levels.

You collected 59 gold pieces.

Inventory:

Hand Weapons
 a - a +0 hand axe (weapon)
Armour
 b - a +0 animal skin (worn)
Scrolls
 d - a scroll of noise {unknown}
 e - a scroll of fog {unknown}
 g - a scroll of enchant weapon {unknown}
 h - a scroll of blinking {unknown}
 j - a scroll of enchant armour {unknown}
Potions
 c - a potion of haste {unknown}
 f - a potion of lignification {unknown}
 i - a potion of degeneration {unknown}


   Skills:
 * Level 4.1 Fighting
 * Level 4.1 Axes
 + Level 2.8 Armour
 + Level 2.5 Dodging


You had one spell level left.
You didn't know any spells.
Your spell library was empty.

Dungeon Overview and Level Annotations

Branches:
Dungeon (2/15)

Altars:

Annotations:
D:2 Sigmund


Innate Abilities, Weirdness & Mutations

You have a pair of horns on your head.
You reflexively headbutt those who attack you in melee.


Message History

No target in view!
j - a scroll labelled VIL USEFEDUMIF No target in view!
A worm comes into view.
A worm is nearby!
A worm is nearby!
A worm is nearby!
You hit the worm. You headbutt the worm!
The worm is severely wounded.
The worm misses you.
You hit the worm.
You kill the worm!
Trog accepts your kill.
No target in view!
You see here a worm corpse.
No target in view!
You now have 59 gold pieces (gained 3).
You open the door.
There is an open door here.
You open the door.
There is an open door here.
You open the door. You open the door.
There is an open door here.
Sigmund the Dreaded comes into view.
He is wielding a +6 scythe of distortion.
Sigmund shouts!
Sigmund casts a spell at you.
You are confused.
You are too confused!
Unknown command.
Unknown command.
Unknown command.
You are too confused!
You see here a hobgoblin skeleton.
Sigmund misses you.
You feel less confused.
Sigmund hits you from afar with a +6 scythe of distortion!
Space warps horribly around you!
Ouch! That really hurt!
You die...

# #.# #.........# # #.#
#.........# # #.## ##.........#
#### # #..# #........# #... #
##.# #........# #.## # #.#
#........############... # #.##
#.....@..#.............. #..#
#.....รท..#.#######'##### ##.#
#......@.#.# #.# ####
#.###(.........# #####.##### ...#
#..##..........# #...'.'...# ...#
##.####.######.# #.###.###.# ...#
#.####.### #.# #.# #.# #.# .###
#..##....# #.###'###.###'#
.#######.##....####.'............
.##...##..#.........###'###.###'#
.##...###.##.#......# #.# #.# #.#


You could see Sigmund.

Vanquished Creatures
  A worm (D:2)
  5 bats (D:1)
  A giant cockroach (D:2)
  3 hobgoblins
  A ball python (D:1)
  A frilled lizard (D:1)
  6 kobolds
  6 rats
24 creatures vanquished.

Notes
Turn   | Place    | Note
-------+----------+-------------------------------------------
     0 | D:1      | Zeld the Minotaur Berserker began the quest for the Orb.
     0 | D:1      | Reached XP level 1. HP: 19/19 MP: 0/0
   948 | D:1      | Reached XP level 2. HP: 20/27 MP: 1/1
  1877 | D:2      | Noticed Sigmund
  1887 | D:2      | Slain by Sigmund

Illustrated notes

Levels and vault maps discovered:
D:1:      dpeg_arrival_water_fire, layout_loops_ring, serial_forest,
          infiniplex_forest_clump_tiny, infiniplex_forest_straight_2,
          infiniplex_forest_pool, infiniplex_forest_lined_room_2,
          infiniplex_forest_clump_large, infiniplex_forest_straight_3,
          chequers_serial_rivers_marsh
D:2:      layout_basic, chequers_ecumenical_altar_twisty, minmay_door_square,
          minmay_pentomino_z4, uniq_sigmund

Skill      XL: |  1  2 |
---------------+-------+-----
Fighting       | 4 |  4.1
Axes           | 4 |  4.1
Armour         | |  2.8
Dodging        | |  2.5

Action                   || total
-------------------------++-------
Melee: Hand axe          ||    54
       Headbutt          ||     8
       Punch             ||     1
Armor: Animal skin       ||     9
Dodge: Dodged            ||    34
